 Dungeon Crawl Stone Soup version 0.30-a0-824-g6c64550be9 (webtiles) character file.

Game seed: 7884310746747383373

9324 Pimp the Fighter (level 11, -13/89 HPs)
             Began as a Demonspawn Berserker on Feb 27, 2023.
             Was a High Priest of Trog.
             Mangled by a slime creature (14 damage)
             ... on level 9 of the Dungeon.
             The game lasted 00:19:58 (7248 turns).

Pimp the Fighter (Demonspawn Berserker)             Turns: 7248, Time: 00:19:59

Health: -13/89     AC: 20    Str: 28    XL:     11   Next: 21%
Magic:  11/11      EV: 11    Int:  8    God:    Trog [*****.]
Gold:   485        SH:  0    Dex: 13    Spells: 10/10 levels left

rFire   . . .      SeeInvis .    g - +5 battleaxe "Voveej" {freeze, rPois}
rCold   . . .      Faith    +    (shield currently unavailable)
rNeg    . . .      Spirit   .    n - +0 plate armour
rPois   +          Reflect  .    h - +2 helmet
rElec   .          Harm     .    (no cloak)
rCorr   .          Rampage  .    (gloves unavailable)
Will    .....                    (no boots) Stlth
                                 t - amulet of faith
HPRegen 0.34/turn                i - +6 ring of strength
MPRegen 0.12/turn                (no ring)

@: slowed, very slow
A: claws 3, molten scales 2, demonic guardian 2, powered by death 1
a: Renounce Religion, Berserk, Trog's Hand, Brothers in Arms


You were on level 9 of the Dungeon.
You worshipped Trog.
Trog was extremely pleased with you.
You visited 1 branch of the dungeon, and saw 9 of its levels.

You collected 485 gold pieces.

Inventory:

Hand Weapons
 a - a +0 hand axe
 g - the +5 battleaxe "Voveej" (weapon) {freeze, rPois}
   (You acquired it on level 4 of the Dungeon)

   rPois:     It protects you from poison.
 v - a +1 war axe
 z - a +2 long sword of flaming
 I - a +3 broad axe
 K - a +3 broad axe of electrocution
Missiles
 w - 7 silver boomerangs (quivered)
Armour
 b - a +0 animal skin
 c - a +0 scale mail
 h - a +2 helmet (worn)
 n - a +0 plate armour (worn)
 A - +0 acid dragon scales
Jewellery
 i - a +6 ring of strength (left claw)
 o - a ring of fire
 p - a ring of positive energy
 t - an amulet of faith (around neck)
 y - an amulet of magic regeneration
 C - a ring of ice
 F - a ring of fire
Wands
 l - a wand of roots (26)
 x - a wand of polymorph (7)
 B - a wand of digging (2)
 L - a wand of mindburst (2)
Scrolls
 r - a scroll of teleportation
 s - a scroll of fog {unknown}
 E - 2 scrolls of fear
 G - a scroll of vulnerability {unknown}
 H - 6 scrolls of identify
Potions
 d - 4 potions of attraction
 e - 5 potions of curing
 f - 2 potions of mutation
 j - 4 potions of heal wounds
 k - 3 potions of lignification
 m - 2 potions of cancellation
 q - a potion of invisibility
 u - a potion of flight {unknown}
 D - 2 potions of haste {unknown}
 J - 2 potions of might {unknown}


   Skills:
 + Level 9.4 Fighting
 + Level 8.6 Axes
 + Level 8.3 Armour
 + Level 8.3 Dodging


You had 10 spell levels left.
You didn't know any spells.
Your spell library was empty.

Dungeon Overview and Level Annotations

Branches:
Dungeon (9/15)             Temple (0/1) D:7            Lair (0/5) D:8
    Orc: D:9-12

Altars:
Dithmenos
Gozag
Nemelex Xobeh
Okawaru
Sif Muna
Uskayaw
Vehumet

Shops:
D:1 [

Portals:
Abyss: D:5


Innate Abilities, Weirdness & Mutations

You have claws for hands.
You are mostly covered in molten scales. (AC +3)
A demonic guardian rushes to your aid.
You regenerate a little health from kills.


Message History

The slime creature hits you but does no damage.
A slime creature comes into view.
The slime creature quivers.
The slime creature hits you but does no damage.
The slime creature barely misses you.
You slice the slime creature!! You freeze the slime creature.
The slime creature is heavily wounded.
You closely miss the wraith. You slash the slime creature!
You freeze the slime creature. You slash the slime creature!
You freeze the slime creature. The wraith misses you.
The slime creature misses you. The slime creature hits you. x3
The slime creature hits you! The slime creature misses you.
The wraith hits you but does no damage. The slime creature hits you!
You slash the slime creature! You freeze the slime creature.
The slime creature is almost dead.
You slash the slime creature! You freeze the slime creature.
You slash the slime creature! You freeze the slime creature.
You slash the slime creature! You freeze the slime creature.
You slash the wraith! You freeze the wraith. The wraith hits you!
The wraith drains your vigour!
You feel yourself slow down. The slime creature hits you.
The slime creature misses you. The slime creature hits you! x2
You barely miss the slime creature.
The slime creature is heavily wounded.
You slash the slime creature! You freeze the slime creature.
You hit the wraith but do no damage.
You hit the slime creature but do no damage.
You hit the slime creature. You freeze the slime creature.
The slime creature barely misses you. The wraith misses you.
The slime creature hits you.
* * * LOW HITPOINT WARNING * * *
A demonic guardian appears!
The slime creature hits you!
* * * LOW HITPOINT WARNING * * *
The slime creature hits you.
* * * LOW HITPOINT WARNING * * *
The wraith hits you but does no damage. The slime creature closely misses you.
The slime creature hits you!
* * * LOW HITPOINT WARNING * * *
The slime creature hits you!
You die...

# # # # # # # ###
########## # #.#
#..J4.?... # #.#
###.@JJ..... #.##
#..WJJ...... #..##
#.#..!...... ##..#
#<#......... ##.##
#.##>.###### ##
#..######.##.##
.#####.#...(..##.#
.##......#######.#
....##.### .#


You could see 5 slime creatures, a wraith and a friendly ice devil (summoned).

Vanquished Creatures
  A tengu warrior (D:9)
  Pikel (D:5)
  An elephant (D:8)
  Maggie (D:6)
  Joseph (D:7)
  The ghost of Airmonger the Cleaver, a novice DsFi (D:5)
  Psyche (D:8)
  A meliai (D:9)
  A troll (D:8)
  2 hornets
  Grinder (D:4)
  A wyvern (D:8)
  A yak (D:8)
  A wraith (D:9)
  A vampire mosquito (D:9)
  Menkaure (D:7)
  3 water moccasins
  An ice beast (D:8)
  4 orc warriors
  3 black bears
  2 sky beasts
  An ogre (D:6)
  2 small abominations (D:5)
  2 lemures (D:5)
  2 kobold brigands (D:7)
  5 bullfrogs
  2 scorpions
  6 wights
  4 killer bees (D:9)
  6 howler monkeys
  A gnoll bouda (D:7)
  2 orc priests
  Crazy Yiuf (D:7)
  A jelly (D:6)
  4 iguanas
  18 orc wizards
  Robin (D:2)
  9 gnolls
  3 adders
  A white imp (D:7)
  4 worms
  4 dart slugs
  24 orcs
  9 bats
  4 endoplasms
  5 giant cockroaches
  13 goblins
  16 hobgoblins
  A quokka (D:1)
  13 ball pythons
  4 frilled lizards
  17 kobolds
  10 rats
225 creatures vanquished.

Vanquished Creatures (collateral kills)
  A two-headed ogre (D:9)
  A cyclops (D:9)
  A basilisk (D:8)
  An ice beast (D:6)
  An ogre (D:5)
  3 wights (D:6)
  An adder (D:5)
  An orc (D:4)
  A kobold (D:4)
11 creatures vanquished.

Vanquished Creatures (others)
  A plant (D:8)
1 creature vanquished.

Grand Total: 237 creatures vanquished

Notes
Turn   | Place    | Note
-------+----------+-------------------------------------------
     0 | D:1      | Pimp the Demonspawn Berserker began the quest for the Orb.
     0 | D:1      | Reached XP level 1. HP: 18/18 MP: 1/1
   157 | D:1      | Gained mutation: You have sharp fingernails. [demonic
                  | ancestry]
   157 | D:1      | Reached XP level 2. HP: 24/24 MP: 2/2
   236 | D:1      | Found Qes Gadde's Armour Shop.
   335 | D:1      | Gained mutation: You regenerate a little health from kills.
                  | [demonic ancestry]
   335 | D:1      | Reached XP level 3. HP: 15/29 MP: 3/3
   589 | D:1      | Reached ** piety under Trog
   976 | D:2      | Gained mutation: You are partially covered in molten
                  | scales. (AC +2) [demonic ancestry]
   976 | D:2      | Reached XP level 4. HP: 19/35 MP: 4/4
  1040 | D:2      | Noticed Robin
  1060 | D:2      | Killed Robin
  1409 | D:2      | Found a faded altar of an unknown god.
  1544 | D:2      | Reached *** piety under Trog
  1545 | D:2      | Gained mutation: A weak demonic guardian rushes to your
                  | aid. [demonic ancestry]
  1545 | D:2      | Reached XP level 5. HP: 42/42 MP: 5/5
  1932 | D:3      | Noticed a black bear
  1944 | D:3      | Killed a black bear
  1945 | D:3      | Reached skill level 4 in Fighting
  2034 | D:3      | Reached XP level 6. HP: 48/48 MP: 6/6
  2377 | D:4      | Identified a scroll of acquirement
  2377 | D:4      | Acquired the +5 battleaxe "Voveej" {freeze, rPois}
  2388 | D:4      | Noticed Grinder
  2398 | D:4      | Paralysed by Grinder for 2 turns
  2403 | D:4      | Paralysed by Grinder for 2 turns
  2411 | D:4      | Killed Grinder
  2476 | D:4      | Gained mutation: You are mostly covered in molten scales.
                  | (AC +3) [demonic ancestry]
  2476 | D:4      | Reached XP level 7. HP: 41/55 MP: 7/7
  2532 | D:4      | Reached **** piety under Trog
  2969 | D:5      | Entered Level 5 of the Dungeon
  3000 | D:5      | Reached skill level 5 in Fighting
  3151 | D:5      | Found a transporter.
  3172 | D:5      | Found a one-way gate to the infinite horrors of the Abyss.
  3172 | D:5      | Noticed Airmonger's ghost (novice DsFi)
  3173 | D:5      | Found a transporter.
  3195 | D:5      | Killed Airmonger's ghost
  3196 | D:5      | Reached skill level 5 in Axes
  3196 | D:5      | Gained mutation: You have very sharp fingernails. [demonic
                  | ancestry]
  3196 | D:5      | Reached XP level 8. HP: 40/64 MP: 8/8
  3443 | D:5      | Noticed Pikel
  3455 | D:5      | Killed Pikel
  3456 | D:5      | Reached skill level 6 in Fighting
  3456 | D:5      | Reached skill level 5 in Armour
  3456 | D:5      | Reached skill level 5 in Dodging
  3533 | D:5      | Found a hide-covered altar of Uskayaw.
  3934 | D:6      | Noticed Maggie
  3946 | D:6      | Killed Maggie
  3947 | D:6      | Gained mutation: A demonic guardian rushes to your aid.
                  | [demonic ancestry]
  3947 | D:6      | Reached XP level 9. HP: 55/71 MP: 9/9
  4082 | D:6      | Found an opulent altar of Gozag.
  4200 | D:6      | Identified the +8 trident of Gipp {freeze, rElec Dex+2}
  4263 | D:6      | Reached skill level 7 in Fighting
  4714 | D:7      | Found a runed translucent door.
  4715 | D:7      | Noticed Crazy Yiuf
  4722 | D:7      | Killed Crazy Yiuf
  4815 | D:7      | Found a staircase to the Ecumenical Temple.
  4817 | D:7      | Reached ***** piety under Trog
  4976 | D:7      | Noticed Joseph
  4991 | D:7      | Killed Joseph
  5139 | D:7      | Found a shimmering blue altar of Sif Muna.
  5146 | D:7      | Found an iron altar of Okawaru.
  5261 | D:7      | Reached XP level 10. HP: 80/80 MP: 10/10
  5385 | D:7      | Noticed Menkaure
  5386 | D:7      | Killed Menkaure
  5445 | D:8      | Noticed an elephant
  5446 | D:8      | Found a staircase to the Lair.
  5463 | D:8      | Killed an elephant
  5464 | D:8      | Reached skill level 8 in Fighting
  5780 | D:8      | Found a radiant altar of Vehumet.
  5907 | D:8      | Found a sparkling altar of Nemelex Xobeh.
  6017 | D:8      | Noticed Psyche
  6043 | D:8      | Killed Psyche
  6593 | D:9      | Received a gift from Trog
  6710 | D:9      | Found a shadowy altar of Dithmenos.
  6761 | D:9      | Reached skill level 9 in Fighting
  6787 | D:9      | Noticed a tengu warrior
  6798 | D:9      | Killed a tengu warrior
  6799 | D:9      | Gained mutation: You have claws for hands. [demonic
                  | ancestry]
  6799 | D:9      | Reached XP level 11. HP: 13/89 MP: 11/11
  6841 | D:9      | Noticed a two-headed ogre
  6845 | D:9      | HP: 4/89 [two-headed ogre/+0 giant club (7)]
  6845 | D:9      | Killed a two-headed ogre
  7248 | D:9      | HP: 1/89 [slime creature (15)]
  7248 | D:9      | Mangled by a slime creature

Illustrated notes

Levels and vault maps discovered:
D:1:      mrwooster_arrival_statue_3, layout_basic, serial_shops,
          nicolae_shop_hallway_stairs
D:2:      layout_basic, ebering_ecumenical_altar_mist,
          kennysheep_generic_room_10, uniq_robin
D:3:      layout_rooms
D:4:      layout_loops_cross, uniq_grinder
D:5:      layout_loops_ring, mainiacjoe_overflow_alcove_1,
          gammafunk_ghost_abyssal_escape, uniq_pikel
D:6:      nicolae_cairo_tiling, layout_loops_ring, nicolae_gozag_seed_capital,
          uniq_maggie
D:7:      layout_basic, jmf_multi_god_temple, minmay_temple_entry_wispy,
          uniq_crazy_yiuf_cottage, uniq_menkaure, uniq_joseph
D:8:      wad_pebble_path, layout_gridville, kennysheep_mini,
          mainiacjoe_overflow_brackets, mainiacjoe_overflow_catwalk_spiral,
          david_lair_generic, minmay_fractal_squares_diagonal_5, uniq_psyche
D:9:      minmay_the_grid_four_pointed_star [minmay_the_grid_triangle_9x9_steps,
          minmay_the_grid_triangle_9x9_limited_checkers,
          minmay_the_grid_triangle_9x9_flanged_cone,
          minmay_the_grid_triangle_9x9_sprig, minmay_the_grid_prize_trominoes],
          layout_rooms, marbit_many_paths

Skill      XL: |  1  2  3  4  5  6  7  8  9 10 |
---------------+-------------------------------+-----
Armour         | 2 3 4 5 6 8 |  8.3
Dodging        | 2 3 4 5 6 8 |  8.3
Axes           | 3 4 5 6 7 8 |  8.6
Fighting       | 4 5 6 7 9 |  9.4

Action                     |  1- 3 |  4- 6 |  7- 9 | 10-12 || total
---------------------------+-------+-------+-------+-------++-------
  Melee: Hand axe          |   112 |   177 |       |       ||   289
         Punch             |       |     4 |       |       ||     4
         Battleaxe         |       |    16 |   152 |   161 ||   329
 Invoke: Berserk           |     1 |     2 |     1 |     2 ||     6
         Trog's Hand       |       |       |     1 |       ||     1
    Use: Scroll            |       |     4 |    10 |       ||    14
         Potion            |       |     2 |     1 |     2 ||     5
   Stab: Sleeping          |     1 |       |       |       ||     1
         Distracted        |       |     1 |       |     1 ||     2
 Armour: Animal skin       |    36 |       |       |       ||    36
         Scale mail        |     5 |   139 |    39 |       ||   183
         Plate armour      |       |       |    62 |   209 ||   271
  Dodge: Dodged            |    99 |   125 |   107 |    93 ||   424

Table legend: (Time is in decaauts)
 A = Elapsed time spent in this place.
 B = Non-inter-level travel time spent in this place.
 C = Inter-level travel time spent in this place.
 D = Time resting spent in this place.
 E = Time spent auto-exploring this place.
 F = Levels seen in this place.
 G = Mean time per level.
                   A        B        C        D        E       F      G
               +--------+--------+--------+--------+--------+-----+--------+
         Total |   7469 |   7291 |    178 |   1003 |   4431 |   9 |  829.9 |
       Dungeon |   7469 |   7291 |    178 |   1003 |   4431 |   9 |  829.9 |
               +--------+--------+--------+--------+--------+-----+--------+

Top non-repeatable levels by time:
     D:8: 1194 daAuts
     D:2: 1044 daAuts
     D:1: 894 daAuts
     D:5: 836 daAuts
     D:6: 816 daAuts
     D:4: 799 daAuts
     D:7: 764 daAuts
     D:9: 701 daAuts
     D:3: 419 daAuts
